 Dungeon Crawl Stone Soup version 0.29-a0-923-g6e406bff71 (webtiles) character file.

Game seed: 887194957917673240

328 Essalna the Insei (level 6, 0/42 HPs)
             Began as an Octopode Transmuter on July 28, 2022.
             Slain by Grinder (7 damage)
             ... in a sewer.
             The game lasted 00:06:45 (3580 turns).

Essalna the Insei (Octopode Transmuter)             Turns: 3580, Time: 00:06:45

Health: 0/42       AC:  1    Str: 10    XL:     6   Next: 50%
Magic:  9/9        EV: 14    Int: 15    God:
Gold:   117        SH:  0    Dex: 14    Spells: 4/9 levels left

rFire   . . .      SeeInvis .     - Unarmed
rCold   . . .      Faith    .   (no shield)
rNeg    . . .      Spirit   .   (helmet currently unavailable)
rPois   .          Reflect  .   (no amulet)
rElec   .          Harm     .   (no ring)
rCorr   .          Rampage  .   (no ring)
Will    .....                   (no ring)
Stlth   +++.......              (no ring)
HPRegen 0.14/turn               (no ring)
MPRegen 0.11/turn               (no ring)
                                (no ring)
                                (no ring)

@: appendages, hasted, very quick
A: tentacle spike 3, almost no armour, amphibious, 8 rings, camouflage 1,
gelatinous body 1, nimble swimmer 1, tentacles
a: End Transformation


You were in a sewer.
One of your tentacles had grown a beastly spike.
You visited 1 branch of the dungeon, and saw 3 of its levels.
You also visited: Sewer.

You collected 117 gold pieces.

Inventory:

Wands
 i - a wand of digging (5)
Scrolls
 b - a scroll of magic mapping
 c - 4 scrolls of identify {unknown}
 d - a scroll of poison {unknown}
 e - a scroll of enchant weapon {unknown}
 f - 2 scrolls of amnesia {unknown}
Potions
 a - a potion of lignification
 h - a potion of magic {unknown}


   Skills:
 + Level 3.0 Fighting
 + Level 3.5 Dodging
 + Level 4.1 Unarmed Combat
 - Level 2.0 Spellcasting
 + Level 3.5 Transmutations
 + Level 2.0 Ice Magic


You had 4 spell levels left.
You knew the following spells:

 Your Spells              Type           Power      Damage    Failure   Level
a - Beastly Appendage     Tmut           24%        N/A       5%          1
b - Ice Form              Ice/Tmut       9%         N/A       56%         4

Your spell library contained the following spells:

 Spells                   Type           Power      Damage    Failure   Level
 Wereblood                Tmut           12%        N/A       8%          2
 Spider Form              Tmut/Pois      6%         N/A       32%         3


Dungeon Overview and Level Annotations

Branches:
Dungeon (3/15)              Sewer (1/1)

Altars:

Annotations:
D:2 Robin Sewer Grinder


Innate Abilities, Weirdness & Mutations

One of your tentacles has grown a beastly spike.
You cannot wear most types of armour.
You are amphibious.
You can wear up to eight rings at the same time.
Your skin changes colour to match your surroundings (Stealth+).
Your rubbery body absorbs attacks. (AC +1, EV +1)
You are camouflaged when in or above water. (Stealth+)
You have tentacles for arms and can constrict up to eight enemies at once.


Message History

The kobold draws strength from your wounds!
You tentacle-slap the kobold.
Your tentacle spike misses the kobold.
The kobold is moderately wounded.
You constrict the kobold, but do no damage.
The kobold misses you.
You barely miss the kobold.
You pierce the kobold.
You squeeze the kobold, but do no damage.
The kobold is severely wounded.
You constrict the kobold.
You kill the kobold!
You hear a splash. x4
Items here: ! ( ))) [ ††.
You tentacle-slap Grinder but do no damage.
You grab Grinder. You constrict Grinder. Grinder hits you!
You writhe in agony.
You are too injured to fight recklessly!
You are too injured to fight recklessly!
You are too injured to fight recklessly!
You tentacle-slap Grinder.
Your tentacle spike misses Grinder.
You squeeze Grinder, but do no damage.
Grinder is lightly wounded.
You constrict Grinder.
Grinder says, "You look like you could use a good racking."
Grinder hits you!
You writhe in agony.
You tentacle-slap Grinder.
Grinder is moderately wounded.
You constrict Grinder. Grinder hits you!
* * * LOW HITPOINT WARNING * * *
You writhe in agony.
* * * LOW HITPOINT WARNING * * *
Okay, then.
Unknown command.
Unknown command.
Unknown command.
Unknown command.
Unknown command.
Unknown command.
Okay, then.
It was a potion of haste.
You feel yourself speed up.
You constrict Grinder. Grinder hits you!
You die...

#...# .....
##.####.#≈###
#≈≈.#...≈≈≈≈≈
#≈≈.#..≈≈≈≈≈≈
#≈≈.#)≈≈≈≈≈≈≈
#≈..#)≈≈≈≈≈≈≈
#≈≈.#)≈≈≈≈≈≈≈
#≈≈5'.≈≈≈≈≈≈≈
##@################
#≈))≈≈≈≈≈≈≈≈≈≈≈≈≈≈≈
#≈.≈≈≈.≈≈≈≈≈≈≈≈≈≈≈≈
#≈≈≈≈≈≈≈≈≈≈≈≈≈≈≈≈≈≈
###################


You could see Grinder.

Vanquished Creatures
  2 kobold brigands (Sewer)
  A necrophage (Sewer)
  A gnoll (D:1)
  An adder (D:3)
  A river rat (D:3)
  A shadow imp (Sewer)
  3 ufetubi (Sewer)
  A dart slug (D:2)
  9 endoplasms
  2 giant cockroaches
  5 goblins
  10 hobgoblins
  18 kobolds
  5 quokkas
  4 ball pythons
  5 bats (D:1)
  3 frilled lizards
  A giant cockroach zombie (Sewer)
  2 kobold zombies (Sewer)
  A rat (D:1)
76 creatures vanquished.

Vanquished Creatures (others)
  A fungus (D:3)
  10 plants (D:3)
  4 toadstools (D:1)
15 creatures vanquished.

Grand Total: 91 creatures vanquished

Notes
Turn   | Place    | Note
-------+----------+-------------------------------------------
     0 | D:1      | Essalna the Octopode Transmuter began the quest for the
                  | Orb.
     0 | D:1      | Reached XP level 1. HP: 13/13 MP: 3/3
   122 | D:1      | Reached XP level 2. HP: 8/18 MP: 3/5
   688 | D:1      | Reached XP level 3. HP: 20/23 MP: 4/6
  2310 | D:2      | Noticed Robin
  2333 | D:2      | Reached XP level 4. HP: 28/29 MP: 5/7
  2351 | D:2      | Learned a level 4 spell: Ice Form
  2603 | D:3      | Found a glowing drain.
  2616 | Sewer    | Entered a sewer
  3127 | Sewer    | Reached XP level 5. HP: 11/34 MP: 6/8
  3363 | Sewer    | Reached skill level 1 in Ice Magic
  3424 | Sewer    | Noticed a kobold brigand
  3437 | Sewer    | Killed a kobold brigand
  3444 | Sewer    | Noticed Grinder
  3506 | Sewer    | Reached skill level 4 in Unarmed Combat
  3506 | Sewer    | Reached XP level 6. HP: 33/41 MP: 7/9
  3580 | Sewer    | Slain by Grinder

Illustrated notes

Levels and vault maps discovered:
D:1:      ldierk_walled_garden_2, layout_loops_corners, kennysheep_minor_cross,
          minmay_indecisive_spiral
D:2:      layout_loops_corners, uniq_robin
D:3:      layout_rooms, nicolae_ru_the_path_less_chosen, serial_corexii_hall,
          chequers_hall_statues_y, corexii_hall_statues_x,
          corexii_hall_statues_x, chequers_hall_statues_wall_a,
          corexii_hall_statues_i, corexii_hall_statues_s, portal_sewer_entry_b,
          hangedman_glass_teeth
Sewer:    kennysheep_sewer_church

Skill      XL: |  1  2  3  4  5  6 |
---------------+-------------------+-----
Fighting       | 2 3 |  3.0
Dodging        | 3 |  3.5
Transmutations | 3 |  3.5
Ice Magic      | 1 2 |  2.0
Unarmed Combat | 4 |  4.1
Spellcasting   | |  2.0

Action                   |  1- 3 |  4- 6 || total
-------------------------+-------+-------++-------
Melee: Unarmed           |    78 |    89 ||   167
       Constrict         |    19 |    30 ||    49
       Kick              |    23 |    33 ||    56
       Tentacles         |     8 |    21 ||    29
       Punch             |     1 |     2 ||     3
 Cast: Beastly Appendage |    21 |    20 ||    41
  Use: Scroll            |       |     1 ||     1
       Potion            |       |     1 ||     1
 Stab: Sleeping          |     6 |     1 ||     7
Armor: Skin              |     4 |     4 ||     8
Dodge: Dodged            |    43 |    48 ||    91

Table legend: (Time is in decaauts)
 A = Elapsed time spent in this place.
 B = Non-inter-level travel time spent in this place.
 C = Inter-level travel time spent in this place.
 D = Time resting spent in this place.
 E = Time spent auto-exploring this place.
 F = Levels seen in this place.
 G = Mean time per level.
                   A        B        C        D        E       F      G
               +--------+--------+--------+--------+--------+-----+--------+
         Total |   3567 |   3492 |     75 |    287 |   2626 |   4 |  891.8 |
       Dungeon |   2608 |   2533 |     75 |     99 |   2045 |   3 |  869.3 |
         Sewer |    959 |    959 |      0 |    188 |    581 |   1 |  959.0 |
               +--------+--------+--------+--------+--------+-----+--------+

Top non-repeatable levels by time:
     D:1: 1918 daAuts
   Sewer: 959 daAuts
     D:2: 443 daAuts
     D:3: 246 daAuts
